 Dungeon Crawl Stone Soup version 0.27.1-34-g3ba077fa99 (webtiles) character file.

Game seed: 8918223600444141571

1465 belegose the Thaumaturge (level 8, -2/52 HPs)
             Began as a Mummy Fire Elementalist on Jan 27, 2022.
             Slain by a killer bee (7 damage)
             ... on level 9 of the Dungeon.
             The game lasted 00:24:10 (9017 turns).

belegose the Thaumaturge (Mummy Fire Elementalist)  Turns: 9017, Time: 00:24:10

Health: -2/52      AC:  2    Str: 15    XL:     8   Next: 48%
Magic:  20/20      EV: 12    Int: 15    God:
Gold:   295        SH:  5    Dex: 14    Spells: 15/23 levels left

rFire    x . .     SeeInvis .   b - +3 dagger
rCold    + . .     Faith    .   (no shield)
rNeg     + + +     Spirit   .   h - +0 robe
rPois    ∞         Reflect  +   (no helmet)
rElec    .         Harm     .   (no cloak)
rCorr    .         Rampage  .   (no gloves)
Will     +....                  (no boots)
Stlth    ++........             n - amulet "Mynecrug" {Reflect Str+2 Dex+2 SH+5}
HPRegen  0.17/turn              (no ring)
MPRegen  0.17/turn              (no ring)

@: no status effects
A: cold resistance 1, negative energy resistance 3, torment resistance 2, heat
vulnerability 1, no potions
a: no special abilities


You were on level 9 of the Dungeon.
You visited 1 branch of the dungeon, and saw 7 of its levels.
You also visited: Sewer.

You collected 295 gold pieces.

Inventory:

Hand Weapons
 a - a +1 dagger of venom
 b - a +3 dagger (weapon)
Missiles
 d - 34 poisoned darts
 l - 2 throwing nets
 o - 111 stones
 q - 5 curare-tipped darts (quivered)
Armour
 h - a +0 robe (worn)
Jewellery
 n - the amulet "Mynecrug" (around neck) {Reflect Str+2 Dex+2 SH+5}
   (You found it on level 4 of the Dungeon)

   [amulet of reflection]

   It reflects blocked missile attacks.
   Str:       It affects your strength (+2).
   Dex:       It affects your dexterity (+2).
   SH:        It affects your SH (+5).
Wands
 s - a wand of iceblast (5)
 t - a wand of paralysis (9)
Scrolls
 e - 2 scrolls of teleportation
 g - a scroll of fog
 j - 2 scrolls of blinking
 k - a scroll of enchant weapon {unknown}
 m - 2 scrolls of amnesia
 p - a scroll of vulnerability {unknown}
 r - a scroll of immolation {unknown}


   Skills:
 - Level 1.5 Dodging
 - Level 1.5 Stealth
 + Level 8.2 Spellcasting
 - Level 3.3 Conjurations
 + Level 2.7 Translocations
 - Level 4.1 Fire Magic
 - Level 2.5 Air Magic
 - Level 2.4 Poison Magic


You had 15 spell levels left.
You knew the following spells:

 Your Spells              Type           Power      Damage    Failure   Level
a - Foxfire               Conj/Fire      68%        2x1d7     2%          1
b - Conjure Flame         Conj/Fire      17%        6-21      8%          3
c - Poisonous Vapours     Pois/Air       26%        N/A       6%          2
d - Blink                 Tloc           N/A        N/A       5%          2

Your spell library contained the following spells:

 Spells                   Type           Power      Damage    Failure   Level
 Sting                    Tmut/Pois      36%        1d4       7%          1
 Gell's Gravitas          Tloc           7%         N/A       11%         3
 Lesser Beckoning         Tloc           7%         N/A       11%         3
 Teleport Other           Tloc           14%        N/A       11%         3
 Ignite Poison            Fire/Tmut/Pois 12%        N/A       14%         3
 Inner Flame              Hex/Fire       12%        N/A       16%         3
 Sticky Flame             Conj/Fire      17%        2d4       26%         4
 Olgreb's Toxic Radiance  Pois           13%        N/A       38%         4
 Fireball                 Conj/Fire      8%         3d6       56%         5
 Manifold Assault         Tloc           14%        N/A       71%         5
 Storm Form               Tmut/Air       Unusable   N/A       N/A         7

Dungeon Overview and Level Annotations

Branches:
Dungeon (6/15)              Sewer (visited)
 Temple: D:4-7

Altars:
Beogh

Shops:
D:4 [

Annotations:
D:3 1 runed translucent door, exclusion: door, YungCoward's ghost, amateur MiFi
D:5 4 runed translucent doors, exclusion: 4 doors, Crazy Yiuf; KittyFluff's ghost, novice GrBe


Innate Abilities, Weirdness & Mutations

You are immune to poison.
Your flesh is cold resistant. (rC+)
You are immune to negative energy. (rN+++)
You are immune to unholy pain and torment.
You are vulnerable to heat. (rF-)
You do not drink.


Message History

Aiming: Iceblast
Press: ? - help, Shift-Dir - straight line, f/p - killer bee
Aim: a killer bee (heavily wounded, paralysed)
The mass of ice explodes!
The iceblast engulfs the killer bee!
You kill the killer bee!
The iceblast engulfs the killer bee!
The killer bee is almost dead.
Unknown command.
Aiming: Paralyse
Press: ? - help, Shift-Dir - straight line, f - killer bee
Aim: a killer bee (almost dead, chance to affect: 54%)
The killer bee resists with significant effort.
The killer bee closely misses you. The killer bee stings you.
* * * LOW HITPOINT WARNING * * *
Aiming: Paralyse
Press: ? - help, Shift-Dir - straight line, f/p - killer bee
Aim: a killer bee (almost dead, chance to affect: 54%)
The killer bee suddenly stops moving!
Throw: 8 darts (curare)
Press: ? - help, Q - select action, (/) - cycle Shift-Dir - straight line, f - killer bee, p - killer bee
Aim: a killer bee (26% to hit)
You throw a curare-tipped dart.
The curare-tipped dart hits the killer bee.
The killer bee is poisoned.
The killer bee convulses.
You kill the killer bee!
Throw: 7 darts (curare)
Press: ? - help, Q - select action, (/) - cycle Shift-Dir - straight line, f/p - killer bee
Aim: a killer bee (26% to hit)
You throw a curare-tipped dart.
The curare-tipped dart misses the killer bee.
The killer bee closely misses you.
Throw: 6 darts (curare)
Press: ? - help, Q - select action, (/) - cycle Shift-Dir - straight line, f/p - killer bee
Aim: a killer bee (26% to hit)
You throw a curare-tipped dart.
The curare-tipped dart misses the killer bee.
The killer bee stings you.
* * * LOW HITPOINT WARNING * * *
The killer bee stings you!
You die...

######### #..†((y.#
#.#####@# ###.#####.#
########....).##.###
...........##.##.#.##
###+##.###y##.....#.#
*#...#.# #[......#?##
*#.⌠...#*#.#######.#
#....#.....# #.#
#...########* #.#


You could see a killer bee.

Vanquished Creatures
  Grinder (D:6)
  Menkaure (D:4)
  2 ice beasts (D:5)
  A necrophage (D:6)
  An ogre (D:5)
  A centaur (D:4)
  A scorpion (D:5)
  3 killer bees (D:9)
  2 howler monkeys
  A bullfrog zombie (D:5)
  A jelly (D:6)
  2 hounds
  An iguana (D:4)
  A scorpion zombie (D:5)
  4 gnolls (D:4)
  3 river rats (D:3)
  9 adders
  An adder skeleton (D:4)
  4 worms
  4 dart slugs
  5 orcs
  5 bats
  10 endoplasms
  A giant cockroach (D:4)
  7 hobgoblins
  18 jackals
  3 quokkas
  8 ball pythons
  7 frilled lizards
  8 goblins
  6 kobolds
  A quokka skeleton (D:4)
  5 rats
128 creatures vanquished.

Vanquished Creatures (others)
  385 foxfires
  13 fungi
398 creatures vanquished.

Grand Total: 526 creatures vanquished

Notes
Turn   | Place    | Note
-------+----------+-------------------------------------------
     0 | D:1      | belegose the Mummy Fire Elementalist began the quest for
                  | the Orb.
     0 | D:1      | Reached XP level 1. HP: 13/13 MP: 4/4
   320 | D:1      | Reached skill level 1 in Conjurations
   329 | D:1      | Reached skill level 3 in Spellcasting
   384 | D:1      | Reached XP level 2. HP: 19/19 MP: 4/6
   896 | D:1      | Reached XP level 3. HP: 21/24 MP: 4/7
  1045 | D:1      | Found a faded altar of an unknown god.
  2982 | D:3      | Found a glowing drain.
  3081 | Sewer    | Entered a sewer
  3293 | D:3      | Reached XP level 4. HP: 30/30 MP: 5/9
  3575 | D:3      | Reached skill level 4 in Spellcasting
  4097 | D:3      | Found a runed translucent door.
  4099 | D:3      | Noticed YungCoward's ghost (amateur MiFi)
  4113 | D:3      | Noticed a sky beast
  4265 | D:2      | Learned a level 3 spell: Conjure Flame
  4876 | D:2      | HP: 1/30 [sky beast (6)]
  5356 | D:3      | Reached XP level 5. HP: 29/35 MP: 9/11
  5669 | D:4      | Noticed Menkaure
  5676 | D:4      | Killed Menkaure
  5677 | D:4      | Reached skill level 5 in Spellcasting
  5677 | D:4      | Reached XP level 6. HP: 41/41 MP: 5/13
  6173 | D:4      | Identified the amulet "Mynecrug" {Reflect Str+2 Dex+2 SH+5}
  6190 | D:4      | Learned a level 2 spell: Poisonous Vapours
  6410 | D:4      | Found Xiodaq's Antique Armour Shop.
  6706 | D:5      | Entered Level 5 of the Dungeon
  6777 | D:5      | Learned a level 2 spell: Blink
  6819 | D:5      | Noticed an ice beast
  6841 | D:5      | Killed an ice beast
  6842 | D:5      | Reached XP level 7. HP: 41/46 MP: 5/15
  7112 | D:4      | Reached skill level 6 in Spellcasting
  7112 | D:4      | Reached skill level 1 in Air Magic
  7112 | D:4      | Reached skill level 1 in Poison Magic
  7281 | D:5      | Found a runed translucent gate.
  7282 | D:5      | Identified the +6 dagger of the Curious Bounties {holy,
                  | rPois rC+}
  7282 | D:5      | Identified the +1 leather armour of the Arcane {rF+ Regen+
                  | Dex+4}
  7341 | D:5      | Found a runed translucent gate.
  7343 | D:5      | Found a runed translucent gate.
  7344 | D:5      | Noticed KittyFluff's ghost (novice GrBe)
  8093 | D:5      | Found a runed translucent door.
  8094 | D:5      | Noticed Crazy Yiuf
  8151 | D:5      | Reached skill level 7 in Spellcasting
  8151 | D:5      | Reached XP level 8. HP: 50/52 MP: 15/18
  8281 | D:6      | Reached skill level 1 in Translocations
  8540 | D:6      | Noticed Grinder
  8549 | D:6      | Killed Grinder
  8822 | D:6      | You fall into a shaft and drop 3 floors!
  8911 | D:9      | Reached skill level 8 in Spellcasting
  9017 | D:9      | Slain by a killer bee

Illustrated notes

Levels and vault maps discovered:
D:1:      dpeg_arrival_orchard, layout_basic, ebering_ecumenical_altar_box
D:2:      layout_loops_corners
D:3:      layout_loops_ring, cheibrodos_sewer_entry_sluice,
          ebering_ghost_reflecting_pool, solitary_fountain
D:4:      layout_basic, serial_shops,
          nicolae_shop_temple_entry_statues_fountains, serial_aquarium,
          aquarium_bridge_long_joined [aquarium_subvault_balcony,
          aquarium_subvault_wall, aquarium_subvault_window,
          aquarium_subvault_bridge, aquarium_subvault_balcony,
          aquarium_subvault_wall], aquarium_bridge_square
          [aquarium_subvault_wall, aquarium_subvault_wall,
          aquarium_subvault_bridge, aquarium_subvault_bridge],
          aquarium_window_3, aquarium_window_fake, aquarium_view_2b,
          minmay_between, uniq_menkaure
D:5:      layout_rooms, biasface_ghost_orc_armoury, nicolae_sextant,
          feat_on_display, uniq_crazy_yiuf_cottage
D:6:      layout_loops_ring, minmay_parallelograms, uniq_grinder
D:9:      layout_loops_cross, nemelex_xobeh_ov_fountains_minmay, serial_shops,
          shop, nicolae_lakefront_shop, shop, nicolae_inconvenience_store,
          special_room [special_room_orc], grunt_ministairs_13

Skill      XL: |  1  2  3  4  5  6  7  8 |
---------------+-------------------------+-----
Conjurations   | 1 2 3 |  3.3
Spellcasting   | 3 4 5 7 8 |  8.2
Fire Magic     | 3 4 |  4.1
Air Magic      | 2 |  2.5
Poison Magic   | 2 |  2.4
Translocations | 2 |  2.7
Dodging        | |  1.5
Stealth        | |  1.5

Action                   |  1- 3 |  4- 6 |  7- 9 || total
-------------------------+-------+-------+-------++-------
Melee: Whip              |     5 |       |       ||     5
       Dagger            |    94 |    78 |    40 ||   212
Throw: Dart              |       |       |     4 ||     4
 Cast: Foxfire           |    50 |    95 |    72 ||   217
Evoke: Wand              |       |       |     4 ||     4
  Use: Scroll            |       |     2 |     5 ||     7
 Stab: Sleeping          |     6 |     6 |     2 ||    14
       Paralysed         |       |       |     1 ||     1
Armor: Robe              |    14 |    10 |     6 ||    30
Dodge: Dodged            |    55 |    48 |    35 ||   138
Block: Other             |       |     4 |    10 ||    14
       Reflection        |       |       |     2 ||     2
